[Event "ICC tourney 2545 (5 3)"]
[Site "Internet Chess Club"]
[Date "2021.04.11"]
[Round "1"]
[White "tmrs"]
[Black "zena"]
[Result "1/2-1/2"]
[ICCResult "Game drawn by repetition"]
[WhiteElo "1628"]
[BlackElo "1350"]
[Opening "Réti opening"]
[ECO "A04"]
[NIC "QP.11"]
[Time "14:04:47"]
[TimeControl "300+3"]

1. Nf3 f6 2. d4 b6 3. c4 Na6 4. Nc3 c5 5. d5 Nh6 6. e4 Nf7 7. Be2 Nc7 8. O-O
e5 9. dxe6 dxe6 10. Be3 Qxd1 11. Raxd1 Bb7 12. Rd2 Rd8 13. Rfd1 Rxd2 14.
Rxd2 Be7 15. h3 Bf8 16. a3 Bc6 17. Ne1 Be7 18. Bg4 Ne5 19. Bh5+ g6 20. Be2
O-O 21. f4 Nf7 22. Nc2 Rd8 23. Rxd8+ Bxd8 24. b4 cxb4 25. axb4 Be7 26. b5
Bb7 27. Nd4 e5 28. fxe5 Nxe5 29. Nd5 Bxd5 30. exd5 Bc5 31. Kf2 Ne8 32. Nc6
Bxe3+ 33. Kxe3 Nxc6 34. dxc6 Nc7 35. Bf3 Kf7 36. Bd5+ Ke7 37. Kd4 Kd6 38.
Bg8 h6 39. Bh7 g5 40. Bf5 a6 41. bxa6 Nxa6 42. Be4 Nb4 43. c7 Kxc7 44. c5
bxc5+ 45. Kxc5 Na6+ 46. Kd5 Kd7 47. Bf5+ Ke7 48. Kd4 Nc7 49. Ke4 Ne8 50. Kf3
Ng7 51. Bc2 Ke6 52. Bb3+ Ke5 53. Bc2 Nf5 54. Bb1 Nd4+ 55. Ke3 Nf5+ 56. Kf2
Nh4 57. Kg3 f5 58. Kf2 f4 59. g3 fxg3+ 60. Kxg3 Nf5+ 61. Kf3 h5 62. Bd3 Nd4+
63. Kg3 Ne6 64. Bg6 h4+ 65. Kg4 Kf6 66. Bb1 Nd4 67. Bd3 Nb3 68. Kh5 Nd2 69.
Kg4 Nb3 70. Bc2 Nc5 71. Kf3 Ne6 72. Kg4 Nd4 73. Bd3 Ne6 74. Bb1 Nf4 75. Be4
Ne2 76. Bd3 Ng3 77. Bb1 Nh1 78. Kf3 Ng3 79. Kg4 Nh1 80. Kf3 Ng3 81. Kg4 Nh1
82. Kf3 Ng3 83. Kg4 Nh1 84. Kf3 Ng3 85. Kg4 Nh1 86. Kf3 Ng3 87. Kg4 Ne2 88.
Bd3 Nf4 89. Bb1 Ng2 90. Kf3 Nf4 91. Kg4 Ng2 92. Kf3 Nf4 93. Kg4 Ng2 94. Kf3
Nf4 95. Kg4 Ng2 96. Kf3 Nf4 97. Kg4 Ng2 98. Kf3 Nf4 99. Kg4 Ng2 100. Kf3 Nf4
101. Kg4 Ng2 102. Kf3 Nf4 103. Kg4 Ng2 {Game drawn by repetition} 1/2-1/2

[Event "ICC tourney 2545 (5 3)"]
[Site "Internet Chess Club"]
[Date "2021.04.11"]
[Round "2"]
[White "blitzaaja"]
[Black "JaimeVeloso"]
[Result "1-0"]
[ICCResult "Black resigns"]
[WhiteElo "1674"]
[BlackElo "1302"]
[Opening "Ponziani: Jaenisch counter-attack"]
[ECO "C44"]
[NIC "KP.05"]
[Time "14:29:32"]
[TimeControl "300+3"]

1. e4 e5 2. Nf3 Nc6 3. c3 Nf6 4. d4 exd4 5. e5 Ng4 6. cxd4 d6 7. h3 Nh6 8.
Bxh6 gxh6 9. Bb5 Bd7 10. exd6 Bxd6 11. O-O Qf6 12. Re1+ Ne7 13. Bxd7+ Kxd7
14. Ne5+ Bxe5 15. dxe5+ {Black resigns} 1-0

[Event "ICC tourney 2545 (5 3)"]
[Site "Internet Chess Club"]
[Date "2021.04.11"]
[Round "2"]
[White "MrEndron"]
[Black "Ohanessian"]
[Result "0-1"]
[ICCResult "White resigns"]
[WhiteElo "1483"]
[BlackElo "2007"]
[Opening "English: Anglo-Dutch defense"]
[ECO "A10"]
[NIC "HD.14"]
[Time "14:29:05"]
[TimeControl "300+3"]

1. c4 f5 2. d3 Nf6 3. Bg5 e5 4. g3 Bc5 5. Bg2 Bxf2+ 6. Kxf2 Ng4+ 7. Kf1 Qxg5
8. Nf3 Qe3 9. Qe1 e4 10. dxe4 fxe4 11. Nh4 O-O+ {White resigns} 0-1

[Event "ICC tourney 2545 (5 3)"]
[Site "Internet Chess Club"]
[Date "2021.04.11"]
[Round "2"]
[White "ashrafismyname"]
[Black "dlbbld"]
[Result "1-0"]
[ICCResult "Black checkmated"]
[WhiteElo "1713"]
[BlackElo "1323"]
[Opening "Corn stalk defense"]
[ECO "B00"]
[NIC "VO.17"]
[Time "14:29:30"]
[TimeControl "300+3"]

1. e4 a5 2. d4 a4 3. f4 h5 4. Bc4 h4 5. Nf3 Ra5 6. Nc3 g6 7. Ne5 e6 8. O-O
Rh5 9. f5 gxf5 10. exf5 Bg7 11. Qxh5 Bxe5 12. fxe6 dxe6 13. Qxf7#
{Black checkmated}
1-0

[Event "ICC tourney 2545 (5 3)"]
[Site "Internet Chess Club"]
[Date "2021.04.11"]
[Round "2"]
[White "drm7mdbocl"]
[Black "Champi"]
[Result "0-1"]
[ICCResult "White resigns"]
[WhiteElo "1664"]
[BlackElo "2420"]
[Opening "Réti: King's Indian attack (Barcza system)"]
[ECO "A07"]
[NIC "RE.07"]
[Time "14:29:05"]
[TimeControl "300+3"]

1. Nf3 d5 2. g3 c6 3. c4 dxc4 4. e3 Bg4 5. Bxc4 e6 6. Be2 Nd7 7. Nc3 Ngf6 8.
d4 Be7 9. h3 Bh5 10. g4 Bg6 11. Bd3 a6 12. Bxg6 hxg6 13. Bd2 Nxg4 14. Ke2
Ngf6 15. Qb3 Qb6 16. Qc2 c5 17. Na4 Qb5+ 18. Ke1 Rc8 19. Qb3 Qc6 20. Ke2 O-O
21. Ne5 Nxe5 22. dxe5 Nd7 23. Rac1 Nxe5 24. Bc3 c4 25. Qc2 Qf3+ 26. Kd2
Qxf2+ 27. Kd1 Qf3+ 28. Kd2 Qg2+ {White resigns} 0-1

[Event "ICC tourney 2545 (5 3)"]
[Site "Internet Chess Club"]
[Date "2021.04.11"]
[Round "2"]
[White "ickyquarter"]
[Black "arconia"]
[Result "1-0"]
[ICCResult "Black checkmated"]
[WhiteElo "1670"]
[BlackElo "988"]
[Opening "Sicilian: Labourdonnais-Löwenthal variation"]
[ECO "B32"]
[NIC "SI.32"]
[Time "14:29:04"]
[TimeControl "300+3"]

1. e4 c5 2. Nf3 Nc6 3. d4 cxd4 4. Nxd4 e5 5. Ne2 Nf6 6. Nbc3 Bc5 7. Ng3 O-O
8. Be2 a6 9. O-O b5 10. Bg5 Bb7 11. Nd5 Nd4 12. Nxf6+ gxf6 13. Bh6 Re8 14.
Bxb5 axb5 15. Qg4+ Kh8 16. Qg7# {Black checkmated} 1-0

[Event "ICC tourney 2545 (5 3)"]
[Site "Internet Chess Club"]
[Date "2021.04.11"]
[Round "2"]
[White "Dingsparov"]
[Black "KnightGhost"]
[Result "1-0"]
[ICCResult "Black resigns"]
[WhiteElo "1488"]
[BlackElo "1259"]
[Opening "Four knights: Rubinstein counter-gambit"]
[ECO "C48"]
[NIC "KP.03"]
[Time "14:29:01"]
[TimeControl "300+3"]

1. e4 e5 2. Nf3 Nc6 3. Nc3 Nf6 4. Bb5 Nd4 5. Bc4 d5 6. exd5 Nxf3+ 7. Qxf3
Bd6 8. O-O O-O 9. d3 Bg4 10. Qe3 b6 11. Qe1 Bc5 12. Bg5 Qd6 13. Bxf6 Qxf6
14. Ne4 Qg6 15. Kh1 Be7 16. c3 Bd7 17. d4 Rfe8 18. dxe5 Bf5 19. Ng3 Bd3 20.
Bxd3 Qxd3 21. Rd1 Qc2 22. e6 fxe6 23. Qxe6+ Kf8 24. Qf5+ Bf6 25. Qxc2
{Black resigns}
1-0

[Event "ICC tourney 2545 (5 3)"]
[Site "Internet Chess Club"]
[Date "2021.04.11"]
[Round "2"]
[White "mhebden"]
[Black "CCAadminDave"]
[Result "1-0"]
[ICCResult "Black resigns"]
[WhiteElo "2509"]
[BlackElo "1560"]
[Opening "Neo-Grünfeld, 6.O-O"]
[ECO "D77"]
[NIC "GI.02"]
[Time "14:29:35"]
[TimeControl "300+3"]

1. d4 Nf6 2. Nf3 g6 3. g3 Bg7 4. Bg2 O-O 5. O-O d5 6. c4 dxc4 7. Na3 c6 8.
Nxc4 Nbd7 9. b3 Nb6 10. Nce5 Ne4 11. Bb2 Nd5 12. Rc1 Qa5 13. a3 Bf5 14. Nh4
Ndc3 15. Bxc3 Nxc3 16. Qd2 {Black resigns} 1-0

[Event "ICC tourney 2545 (5 3)"]
[Site "Internet Chess Club"]
[Date "2021.04.11"]
[Round "2"]
[White "tacticaltal"]
[Black "FootDoc"]
[Result "0-1"]
[ICCResult "White resigns"]
[WhiteElo "1390"]
[BlackElo "1616"]
[Opening "Latvian counter-gambit"]
[ECO "C40"]
[NIC "KP.09"]
[Time "14:28:47"]
[TimeControl "300+3"]

1. e4 e5 2. Nf3 f5 3. exf5 e4 4. Ne5 Nf6 5. Nc3 d6 6. Nc4 Bxf5 7. Ne3 Bg6 8.
Bc4 c6 9. O-O d5 10. Be2 Bd6 11. d4 O-O 12. f3 exf3 13. Bxf3 Bc7 14. Be2 Qd6
15. g3 Nbd7 16. Bd3 Bh5 17. Qe1 Rae8 18. Qf2 Ng4 19. Qg2 Nxe3 20. Rxf8+ Qxf8
21. Bxe3 Rxe3 22. Rf1 Qe7 23. Qh3 Bg6 24. Bxg6 hxg6 25. Nd1 Re2 26. c3 Nf6
27. Qc8+ Kh7 28. Qh3+ Kg8 29. Qc8+ Kf7 30. g4 Bxh2+ 31. Kh1 Qe4+ {White
resigns} 0-1

[Event "ICC tourney 2545 (5 3)"]
[Site "Internet Chess Club"]
[Date "2021.04.11"]
[Round "2"]
[White "zena"]
[Black "fearlessone"]
[Result "0-1"]
[ICCResult "White checkmated"]
[WhiteElo "1345"]
[BlackElo "1668"]
[Opening "Réti opening"]
[ECO "A04"]
[NIC "QP.11"]
[Time "14:29:05"]
[TimeControl "300+3"]

1. Nf3 d6 2. c4 Nd7 3. Nc3 g6 4. d4 Bg7 5. e4 e6 6. Be3 Ne7 7. Be2 b6 8. Qc2
Bb7 9. O-O-O h6 10. d5 e5 11. g4 g5 12. h4 f6 13. hxg5 fxg5 14. Bxg5 hxg5
15. Rxh8+ Bxh8 16. Nxg5 Nf8 17. Ne6 Nxe6 18. dxe6 Ng6 19. Nd5 Bxd5 20. exd5
Nf4 21. Bf3 Qg5 22. Kb1 O-O-O 23. Qh7 Qf6 24. Rh1 e4 25. Rh6 Qxb2#
{White checkmated}
0-1

[Event "ICC tourney 2545 (5 3)"]
[Site "Internet Chess Club"]
[Date "2021.04.11"]
[Round "2"]
[White "rishik99"]
[Black "Bushchess"]
[Result "0-1"]
[ICCResult "White resigns"]
[WhiteElo "1298"]
[BlackElo "1494"]
[Opening "Robatsch defense: two knights, Suttles variation"]
[ECO "B12"]
[NIC "CK.01"]
[Time "14:29:02"]
[TimeControl "300+3"]

1. e4 c6 2. d4 g6 3. Nc3 Bg7 4. Nf3 d6 5. Be3 Nd7 6. Bc4 e6 7. Qd2 b5 8. Bb3
a5 9. a4 b4 10. Ne2 Ngf6 11. O-O Nxe4 12. Qd3 d5 13. Ng3 Ba6 14. Qd1 Nxg3
15. fxg3 Bxf1 16. Qxf1 O-O 17. Qe2 Qc7 18. Bf4 Qb6 19. Rd1 c5 20. Be3 c4 21.
Ba2 Nf6 22. Ne5 Qb7 23. b3 c3 24. Nd3 Ne4 25. Rf1 Qa7 26. Ne5 Bxe5 27. dxe5
d4 28. Bh6 d3+ 29. Qe3 Qxe3+ {White resigns} 0-1

[Event "ICC tourney 2545 (5 3)"]
[Site "Internet Chess Club"]
[Date "2021.04.11"]
[Round "2"]
[White "minerva75"]
[Black "Rasalaghe"]
[Result "1-0"]
[ICCResult "Black resigns"]
[WhiteElo "1693"]
[BlackElo "1193"]
[Opening "Scandinavian (center counter) defense"]
[ECO "B01"]
[NIC "SD.01"]
[Time "14:30:00"]
[TimeControl "300+3"]

1. e4 d5 2. exd5 Qxd5 3. Nc3 Qa5 4. Bc4 Nf6 5. d3 c6 6. Bd2 Bg4 7. f3 Bh5 8.
g4 Bg6 9. Nge2 e6 10. h4 h6 11. h5 Bh7 12. Nf4 Qb6 13. Qe2 Be7 14. O-O-O
Nbd7 15. Rhe1 O-O-O 16. Na4 Qc7 17. Bxe6 Nd5 18. Bxd5 cxd5 19. Nxd5 Qc6 20.
Nxe7+ {Black resigns} 1-0

[Event "ICC tourney 2545 (5 3)"]
[Site "Internet Chess Club"]
[Date "2021.04.11"]
[Round "2"]
[White "Grayson0405"]
[Black "skot"]
[Result "0-1"]
[ICCResult "White resigns"]
[WhiteElo "1489"]
[BlackElo "2030"]
[Opening "Benkö gambit accepted"]
[ECO "A58"]
[NIC "BI.41"]
[Time "14:30:20"]
[TimeControl "300+3"]

1. d4 Nf6 2. c4 c5 3. d5 b5 4. cxb5 a6 5. bxa6 g6 6. Nc3 Bxa6 7. Nf3 Bg7 8.
e4 Bxf1 9. Rxf1 d6 10. Bg5 Nbd7 11. Qe2 O-O 12. h4 h6 13. Bxf6 Bxf6 14. g4
Qa5 15. Qc2 Rfb8 16. g5 Rxb2 17. Qc1 Bxc3+ 18. Kd1 Qa4+ {White resigns} 0-1

[Event "ICC tourney 2545 (5 3)"]
[Site "Internet Chess Club"]
[Date "2021.04.11"]
[Round "2"]
[White "SuperPuzzler"]
[Black "aronsp"]
[Result "1-0"]
[ICCResult "Black resigns"]
[WhiteElo "1844"]
[BlackElo "1333"]
[Opening "Sicilian: dragon variation"]
[ECO "B70"]
[NIC "SI.15"]
[Time "14:29:02"]
[TimeControl "300+3"]

1. e4 c5 2. Nf3 d6 3. d4 cxd4 4. Nxd4 Nf6 5. Nc3 g6 6. Be2 Bg7 7. O-O O-O 8.
Bg5 Bd7 9. Kh1 Nc6 10. Nb3 a6 11. a4 Rc8 12. f4 Qc7 13. Bf3 Rfd8 14. Nd5
Nxd5 15. exd5 Nb4 16. c3 f6 17. Bh4 Qc4 18. cxb4 Bf5 19. Nd4 Bd7 20. Qd2 f5
21. Bf2 Qc7 22. h3 b6 23. Rac1 Qb7 24. b3 Rc7 25. Nc6 Bxc6 26. dxc6 Qb8 27.
b5 a5 28. Bd5+ Kh8 29. Qe3 Rf8 30. Qxb6 Re8 31. Qxb8 Rxb8 32. b6 Rcc8 33. c7
{Black resigns}
1-0

[Event "ICC tourney 2545 (5 3)"]
[Site "Internet Chess Club"]
[Date "2021.04.11"]
[Round "2"]
[White "jackdykes"]
[Black "Vazulka"]
[Result "0-1"]
[ICCResult "White resigns"]
[WhiteElo "1405"]
[BlackElo "1813"]
[Opening "King's Indian, 3.Nf3"]
[ECO "E60"]
[NIC "KI.80"]
[Time "14:29:29"]
[TimeControl "300+3"]

1. d4 Nf6 2. c4 g6 3. Nf3 Bg7 4. e3 O-O 5. Be2 c6 6. O-O d5 7. b3 e6 8. c5
Ne4 9. Ba3 Nd7 10. Nbd2 Nc3 11. Bd3 Nxd1 12. Raxd1 b6 13. b4 bxc5 14. bxc5
Qa5 15. Nb3 Qxa3 16. Bc2 Qxa2 17. Rd2 Qa6 18. Ra1 Qb7 19. Na5 Qc7 20. g3
Nxc5 21. dxc5 Bxa1 22. Ng5 Qxa5 23. Rd4 Bxd4 24. exd4 Qd2 {White resigns}
0-1

[Event "ICC tourney 2545 (5 3)"]
[Site "Internet Chess Club"]
[Date "2021.04.11"]
[Round "2"]
[White "carokannforlife"]
[Black "DumbartonOaks"]
[Result "1-0"]
[ICCResult "Black resigns"]
[WhiteElo "1499"]
[BlackElo "1292"]
[Opening "Hungarian defense"]
[ECO "C50"]
[NIC "IG.03"]
[Time "14:30:12"]
[TimeControl "300+3"]

1. e4 e5 2. Nf3 Nc6 3. Bc4 Be7 4. O-O d6 5. c3 a6 6. d4 Bg4 7. h3 Bxf3 8.
Qxf3 Nf6 9. Be3 O-O 10. Nd2 b5 11. Bb3 a5 12. a3 a4 13. Bc2 Qd7 14. Rfe1 Ne8
15. Nf1 f5 16. exf5 Bf6 17. Be4 Rb8 18. Bxc6 Qxc6 19. Qxc6 {Black resigns}
1-0

[Event "ICC tourney 2545 (5 3)"]
[Site "Internet Chess Club"]
[Date "2021.04.11"]
[Round "2"]
[White "chess2thesun"]
[Black "Goran21"]
[Result "1-0"]
[ICCResult "Black resigns"]
[WhiteElo "2018"]
[BlackElo "1889"]
[Opening "Sicilian: Najdorf"]
[ECO "B90"]
[NIC "SI.14"]
[Time "14:29:30"]
[TimeControl "300+3"]

1. e4 c5 2. Nf3 d6 3. d4 cxd4 4. Nxd4 Nf6 5. Nc3 a6 6. Qe2 e5 7. Nf5 Bxf5 8.
exf5 Nbd7 9. g4 h6 10. Be3 d5 11. O-O-O d4 12. Bxd4 Nxg4 13. Qxg4 exd4 14.
Qxd4 Bc5 15. Qxg7 Qg5+ 16. Qxg5 hxg5 17. Ne4 O-O-O 18. Rxd7 Rxd7 19. Nxc5
Rd5 20. Ne4 f6 21. Bc4 Rd4 22. Be6+ Kc7 23. Nxf6 Rdh4 24. Nd5+ Kd6 25. Ne3
Rxh2 26. Rd1+ Kc6 27. Ng4 R2h4 28. f6 Rf8 29. f7 Rxg4 30. Bxg4 Rxf7 31. Rd2
Rf4 32. f3 a5 33. Re2 b6 34. Re5 Rf8 35. Rxg5 Rg8 36. Rxg8 {Black resigns}
1-0

[Event "ICC tourney 2545 (5 3)"]
[Site "Internet Chess Club"]
[Date "2021.04.11"]
[Round "2"]
[White "Sameir-Ramez"]
[Black "Tavo"]
[Result "1-0"]
[ICCResult "Black checkmated"]
[WhiteElo "1951"]
[BlackElo "1454"]
[Opening "Three knights game"]
[ECO "C46"]
[NIC "KP.06"]
[Time "14:29:41"]
[TimeControl "300+3"]

1. e4 e5 2. Nf3 Nc6 3. Nc3 Bc5 4. Nxe5 Bxf2+ 5. Kxf2 Nxe5 6. d4 Ng6 7. Bc4
Qh4+ 8. g3 Qh3 9. Qf1 Qxf1+ 10. Rxf1 c6 11. Kg1 d6 12. Bxf7+ Kd8 13. Bg5+
Kc7 14. Bxg6 hxg6 15. Rf7+ Bd7 16. Rxg7 Nh6 17. Rxg6 Ng4 18. h4 Rae8 19. Bf4
b5 20. Rxd6 Kc8 21. Re1 a5 22. d5 b4 23. dxc6 Be6 24. Nb5 Bc4 25. Na7+ Kb8
26. Rd7+ Ka8 27. c7 Be6 28. Rg7 Nf6 29. Nc6 Bd5 30. c8=Q+ Rxc8 31. Ra7#
{Black checkmated}
1-0

[Event "ICC tourney 2545 (5 3)"]
[Site "Internet Chess Club"]
[Date "2021.04.11"]
[Round "2"]
[White "gmRohde"]
[Black "realleosantos"]
[Result "1-0"]
[ICCResult "Black resigns"]
[WhiteElo "1874"]
[BlackElo "1430"]
[Opening "Caro-Kann: advance variation"]
[ECO "B12"]
[NIC "CK.04"]
[Time "14:29:01"]
[TimeControl "300+3"]

1. e4 c6 2. d4 d5 3. e5 Bf5 4. Nc3 e6 5. g4 Bg6 6. Nge2 Bb4 7. a3 Ba5 8. Be3
Ne7 9. b4 Bb6 10. Nf4 O-O 11. h4 f6 12. Nxe6 Qd7 13. Nxf8 Kxf8 14. exf6 gxf6
15. h5 Be4 16. Nxe4 dxe4 17. Bg2 Qd5 18. Qe2 Nd7 19. Bxe4 Qe5 20. dxe5
{Black resigns}
1-0

[Event "ICC tourney 2545 (5 3)"]
[Site "Internet Chess Club"]
[Date "2021.04.11"]
[Round "2"]
[White "Moncu"]
[Black "nhallmark01"]
[Result "1-0"]
[ICCResult "Black resigns"]
[WhiteElo "2495"]
[BlackElo "1583"]
[Opening "Robatsch defense"]
[ECO "B06"]
[NIC "KF.05"]
[Time "14:29:24"]
[TimeControl "300+3"]

1. e4 g6 2. d4 Bg7 3. Nc3 e6 4. Be3 Ne7 5. h4 d5 6. h5 Bd7 7. Nf3 Nbc6 8.
Qd2 dxe4 9. h6 Bxd4 10. Bxd4 exf3 11. Bxh8 Nf5 12. O-O-O Qe7 13. Ne4 O-O-O
14. Bf6 Qf8 15. Bxd8 Qxd8 16. g4 Nfd4 17. c3 Nb5 {Black resigns} 1-0

[Event "ICC tourney 2545 (5 3)"]
[Site "Internet Chess Club"]
[Date "2021.04.11"]
[Round "2"]
[White "rajatmak"]
[Black "Guillermito"]
[Result "0-1"]
[ICCResult "White checkmated"]
[WhiteElo "1871"]
[BlackElo "3214"]
[Opening "Catalan: closed, 5.Nf3"]
[ECO "E06"]
[NIC "CA.05"]
[Time "14:29:29"]
[TimeControl "300+3"]

1. d4 Nf6 2. c4 e6 3. g3 d5 4. Bg2 Be7 5. Nf3 O-O 6. O-O dxc4 7. Ne5 c5 8.
dxc5 Qc7 9. Nxc4 Rd8 10. Qc2 Qxc5 11. Be3 Qh5 12. Bf4 Nc6 13. e3 e5 14. Bxc6
exf4 15. Bh1 Bf5 16. e4 fxg3 17. fxg3 Bc5+ 18. Rf2 Rd1+ 19. Kg2 Bh3#
{White checkmated}
0-1

[Event "ICC tourney 2545 (5 3)"]
[Site "Internet Chess Club"]
[Date "2021.04.11"]
[Round "2"]
[White "FootstepsOfDawn"]
[Black "maximind"]
[Result "0-1"]
[ICCResult "White checkmated"]
[WhiteElo "979"]
[BlackElo "1394"]
[Opening "Old Benoni defense"]
[ECO "A43"]
[NIC "OI.09"]
[Time "14:28:52"]
[TimeControl "300+3"]

1. d4 c5 2. e3 g6 3. c3 Bg7 4. e4 cxd4 5. cxd4 Nc6 6. Nf3 Qb6 7. Be3 Qxb2 8.
Nbd2 Bxd4 9. Nc4 Qxa1 10. Qxa1 Bxa1 11. Bd3 d6 12. O-O Bg7 13. Ng5 Nf6 14.
Bd4 Nxd4 15. Ne3 O-O 16. Nd5 Nxd5 17. exd5 h6 18. Ne4 Bf5 19. f3 Rac8 20. g4
Bxe4 21. fxe4 Rc3 22. Bb1 Nf3+ 23. Kg2 Nd2 24. Re1 Nxb1 25. Rxb1 Rc2+ 26.
Kf3 Rfc8 27. Kf4 Be5+ 28. Ke3 R8c3# {White checkmated} 0-1

[Event "ICC tourney 2545 (5 3)"]
[Site "Internet Chess Club"]
[Date "2021.04.11"]
[Round "2"]
[White "B-Amin"]
[Black "orak"]
[Result "1-0"]
[ICCResult "Black resigns"]
[WhiteElo "2783"]
[BlackElo "1612"]
[Opening "Alekhine's defense: Balogh variation"]
[ECO "B03"]
[NIC "AL.09"]
[Time "14:29:30"]
[TimeControl "300+3"]

1. e4 Nf6 2. e5 Nd5 3. d4 d6 4. Bc4 c6 5. Nf3 Bg4 6. h3 Bh5 7. e6 fxe6 8. g4
Bg6 9. Ng5 e5 10. dxe5 dxe5 11. Nc3 h6 12. Ne6 Qd7 13. Nxd5 cxd5 14. Qxd5
Bf7 15. Nxg7+ Kd8 16. Qxf7 Nc6 17. Be3 Nd4 18. O-O-O Bxg7 19. Qxg7 Kc7 20.
Qxe5+ {Black resigns} 1-0

[Event "ICC tourney 2545 (5 3)"]
[Site "Internet Chess Club"]
[Date "2021.04.11"]
[Round "2"]
[White "marinaxiao"]
[Black "bandhu2"]
[Result "0-1"]
[ICCResult "White resigns"]
[WhiteElo "1349"]
[BlackElo "1669"]
[Opening "Alekhine's defense: exchange variation"]
[ECO "B02"]
[NIC "AL.08"]
[Time "14:29:25"]
[TimeControl "300+3"]

1. e4 Nf6 2. e5 Nd5 3. c4 Nb6 4. d4 d6 5. exd6 cxd6 6. Nc3 g6 7. Nf3 Bg7 8.
Be2 O-O 9. Be3 d5 10. c5 Nc4 11. Bxc4 dxc4 12. O-O Bf5 13. Ne1 Nc6 14. d5
Nb4 15. a3 Bxc3 16. axb4 Bxb2 17. Ra2 Bg7 18. Nf3 Bd3 19. Re1 Qxd5 20. Bg5
e5 21. Be7 Rfe8 22. Bd6 e4 23. Nd2 c3 24. Nb3 c2 25. Rxc2 Qxb3 26. Rd2 Qxb4
27. f3 Bc3 28. Rxd3 exd3 29. Rxe8+ Rxe8 30. Bg3 Qxc5+ 31. Bf2 Bd4 32. Bxd4
Qxd4+ 33. Kh1 d2 34. Qxd2 Qa1+ 35. Qe1 {White resigns} 0-1

[Event "ICC tourney 2545 (5 3)"]
[Site "Internet Chess Club"]
[Date "2021.04.11"]
[Round "2"]
[White "Rickyb"]
[Black "TheOrcaPro"]
[Result "1-0"]
[ICCResult "Black resigns"]
[WhiteElo "2229"]
[BlackElo "1539"]
[Opening "French: King's Indian attack"]
[ECO "C00"]
[NIC "FR.02"]
[Time "14:29:41"]
[TimeControl "300+3"]

1. e4 e6 2. d3 d5 3. Nd2 Nf6 4. g3 b6 5. Bg2 Bb7 6. e5 Nfd7 7. Ngf3 Nc6 8.
Qe2 Bc5 9. c3 O-O 10. d4 Be7 11. O-O Rc8 12. Re1 Ncb8 13. h4 c5 14. h5 h6
15. Nf1 Nc6 16. Bf4 Qc7 17. Ne3 cxd4 18. cxd4 Qb8 19. Ng4 Kh7 20. Qe3 Nb4
21. Re2 Nc2 22. Rxc2 Rxc2 23. Qd3+ g6 24. Qxc2 Rc8 25. Qd3 Kg7 26. Bxh6+ Kh7
27. Ng5+ Kg8 28. hxg6 {Black resigns} 1-0

[Event "ICC tourney 2545 (5 3)"]
[Site "Internet Chess Club"]
[Date "2021.04.11"]
[Round "2"]
[White "marioseixas1992"]
[Black "Ecalevolkk"]
[Result "0-1"]
[ICCResult "White resigns"]
[WhiteElo "1323"]
[BlackElo "1660"]
[Opening "King's gambit"]
[ECO "C30"]
[NIC "KG.05"]
[Time "14:29:54"]
[TimeControl "300+3"]

1. e4 e5 2. f4 Nc6 3. Nf3 f5 4. exf5 e4 5. Ne5 Nf6 6. Bc4 d5 7. Bb3 Bxf5 8.
O-O Bc5+ 9. Kh1 O-O 10. c4 d4 11. d3 e3 12. Qf3 Nxe5 13. fxe5 Ng4 14. Qd5+
Qxd5 15. cxd5 Bxd3 16. d6+ Kh8 17. Rxf8+ Rxf8 18. h3 Nf2+ 19. Kh2 cxd6 20.
e6 Ne4 21. Na3 e2 22. Bf4 d5 23. Bc7 Rf1 24. Nb5 Bxb5 {White resigns} 0-1

[Event "ICC tourney 2545 (5 3)"]
[Site "Internet Chess Club"]
[Date "2021.04.11"]
[Round "2"]
[White "pumukel"]
[Black "CKGhosh"]
[Result "0-1"]
[ICCResult "White resigns"]
[WhiteElo "1404"]
[BlackElo "1808"]
[Opening "Queen's pawn, Mason variation"]
[ECO "D00"]
[NIC "QP.08"]
[Time "14:30:00"]
[TimeControl "300+3"]

1. d4 d5 2. Bf4 e6 3. e3 Bd6 4. Bg3 Nf6 5. Bd3 c5 6. c3 Nc6 7. Nd2 c4 8. Bc2
Qc7 9. f4 b5 10. Ngf3 Bb7 11. Ne5 a5 12. a3 h6 13. O-O O-O 14. Qf3 b4 15.
axb4 axb4 16. Rxa8 Rxa8 17. Bh4 Be7 18. Bxf6 Bxf6 19. e4 Nxe5 20. fxe5 Bg5
21. Qe2 bxc3 22. bxc3 Qa5 23. exd5 Qxc3 24. Ne4 Qe3+ 25. Qxe3 Bxe3+ 26. Nf2
Bxd5 27. Rd1 Ra2 28. Bb1 Rxf2 {White resigns} 0-1

[Event "ICC tourney 2545 (5 3)"]
[Site "Internet Chess Club"]
[Date "2021.04.11"]
[Round "2"]
[White "aga"]
[Black "Saavedra"]
[Result "1-0"]
[ICCResult "Black resigns"]
[WhiteElo "2022"]
[BlackElo "1514"]
[Opening "Pirc defense"]
[ECO "B07"]
[NIC "PU.08"]
[Time "14:30:00"]
[TimeControl "300+3"]

1. e4 d6 2. d4 Nf6 3. Bd3 g6 4. c3 Bg7 5. f4 Bg4 6. Qb3 Qc8 7. Be3 Nc6 8.
Nd2 Na5 9. Qa4+ Nc6 10. d5 Bd7 11. dxc6 Bxc6 12. Qc2 O-O 13. Ngf3 e5 14.
fxe5 dxe5 15. O-O Re8 16. Bc4 a6 17. a4 Ng4 18. Bf2 Qd7 19. Rad1 Nxf2 20.
Rxf2 Qe7 21. Rdf1 Rad8 22. Kh1 Qd7 23. a5 b5 24. axb6 cxb6 25. Ng5 Re7 26.
Rxf7 Rxf7 27. Rxf7 Qg4 28. Rf4+ {Black resigns} 1-0

[Event "ICC tourney 2545 (5 3)"]
[Site "Internet Chess Club"]
[Date "2021.04.11"]
[Round "2"]
[White "ehkopean"]
[Black "Openyagami"]
[Result "0-1"]
[ICCResult "White resigns"]
[WhiteElo "1585"]
[BlackElo "2549"]
[Opening "Nimzovich-Larsen attack: modern variation"]
[ECO "A01"]
[NIC "VO.08"]
[Time "14:29:05"]
[TimeControl "300+3"]

1. b3 e5 2. Bb2 Nc6 3. e3 Nf6 4. Bb5 Bd6 5. Na3 Na5 6. Nc4 Nxc4 7. Bxc4 O-O
8. d4 exd4 9. Bxd4 Bb4+ 10. Kf1 d5 11. Be2 Ne4 12. Nf3 c5 13. Bb2 Be6 14.
Bd3 Qe7 15. Bxe4 dxe4 16. Nd2 Rfd8 17. c3 Ba5 18. Qc2 Rd3 19. Nxe4 Rad8 20.
Ba3 Bxb3 21. Qxb3 Qxe4 22. Bxc5 Rd2 23. Bd4 Qf5 24. f3 Qd3+ 25. Kg1 Qe2
{White resigns}
0-1

[Event "ICC tourney 2545 (5 3)"]
[Site "Internet Chess Club"]
[Date "2021.04.11"]
[Round "2"]
[White "pawnsacrifice5"]
[Black "racerbil"]
[Result "1-0"]
[ICCResult "Black checkmated"]
[WhiteElo "1995"]
[BlackElo "1468"]
[Opening "QGD semi-Slav"]
[ECO "D43"]
[NIC "SL.01"]
[Time "14:28:46"]
[TimeControl "300+3"]

1. d4 d5 2. c4 c6 3. Nf3 e6 4. Nc3 Nf6 5. Bg5 b6 6. e4 h6 7. Bxf6 Qxf6 8.
cxd5 cxd5 9. exd5 exd5 10. Bb5+ Nd7 11. Qe2+ Qe6 12. Nxd5 Qxe2+ 13. Kxe2 Bd6
14. Ne5 f6 15. Nc4 Bb8 16. Bc6 Ba6 17. b3 b5 18. Nb4 bxc4 19. Nxa6 cxb3 20.
Bxa8 bxa2 21. Rxa2 O-O 22. Bd5+ Kh8 23. Nxb8 Rxb8 24. Be6 Re8 25. d5 Nc5 26.
Rxa7 Nxe6 27. dxe6 Rxe6+ 28. Kf3 g5 29. h4 gxh4 30. Rb1 Re8 31. Rbb7 f5 32.
Rh7+ Kg8 33. Rag7+ Kf8 34. Rd7 Kg8 35. Rhg7+ Kh8 36. Rh7+ Kg8 37. Rxh6 Ra8
38. Rhh7 Ra3+ 39. Kf4 Ra4+ 40. Kg5 Rg4+ 41. Kf6 Ra4 42. Rhe7 Ra6+ 43. Re6
Rxe6+ 44. Kxe6 Kf8 45. Kxf5 Ke8 46. Ke6 Kf8 47. f4 Kg8 48. Kf6 Kh8 49. Kg6
Kg8 50. Rd8# {Black checkmated} 1-0